 Dungeon Crawl Stone Soup version 0.28-a0-1199-gef9e1dbd39 (webtiles) character file.

Game seed: 16063020971633491331

323 fragbeetle the Poker (level 6, -1/48 HPs)
             Began as a Merfolk Gladiator on Dec 19, 2021.
             Killed from afar by an orc (9 damage)
             ... with an iceblast
             ... on level 5 of the Dungeon.
             The game lasted 00:07:06 (4143 turns).

fragbeetle the Poker (Merfolk Gladiator)            Turns: 4143, Time: 00:07:07

Health: -1/48      AC:  6    Str: 22    XL:     6   Next: 47%
Magic:  6/6        EV: 17    Int:  7    God:
Gold:   190        SH:  0    Dex: 16    Spells: 5/5 levels left

rFire   . . .      SeeInvis .   a - +0 trident
rCold   . . .      Faith    .   (no shield)
rNeg    . . .      Spirit   .   p - +0 ring mail
rPois   .          Reflect  .   c - +0 helmet
rElec   .          Harm     .   (no cloak)
rCorr   .          Rampage  .   (no gloves)
Will    .....                   (no boots)
Stlth   +.........              (no amulet)
HPRegen 0.16/turn               h - +6 ring of strength
MPRegen 0.10/turn               l - +4 ring of evasion

@: no status effects
A: (nimble swimmer 2), mertail
a: no special abilities


You were on level 5 of the Dungeon.
You visited 1 branch of the dungeon, and saw 5 of its levels.

You collected 190 gold pieces.

Inventory:

Hand Weapons
 a - a +0 trident (weapon)
Missiles
 d - 3 throwing nets
 k - 70 stones
 r - 5 poisoned darts (quivered)
Armour
 b - a +0 leather armour
 c - a +0 helmet (worn)
 p - a +0 ring mail (worn)
Jewellery
 h - a +6 ring of strength (left hand)
 l - a +4 ring of evasion (right hand)
Wands
 q - a wand of acid (4)
 t - a wand of iceblast (4)
Scrolls
 g - a scroll of blinking {unknown}
 i - 3 scrolls of identify {unknown}
 j - 5 scrolls of teleportation
 n - a scroll of immolation {unknown}
Potions
 e - a potion of haste {unknown}
 f - 2 potions of curing {unknown}
 m - 2 potions of brilliance {unknown}
 o - a potion of attraction {unknown}
 s - a potion of berserk rage {unknown}


   Skills:
 + Level 4.0 Fighting
 + Level 6.3 Polearms
 - Level 2.0 Throwing
 + Level 2.1 Armour
 + Level 5.8 Dodging


You had 5 spell levels left.
You didn't know any spells.
Your spell library was empty.

Dungeon Overview and Level Annotations

Branches:
Dungeon (5/15)
 Temple: D:4-7

Altars:
Dithmenos

Annotations:
D:2 Sigmund
D:4 1 runed translucent door, Crazy Yiuf


Innate Abilities, Weirdness & Mutations

((You are quick and stealthy near water. (Stealth+, EV+, Speed+++)))
Your lower body shifts to a powerful aquatic tail in water.


Message History

The ogre shouts!
Throw: 6 darts (poison)
Press: ? - help, Shift-Dir - straight line, f - ogre
Aim: an ogre, wielding a +0 giant club (76% to hit)
You throw a poisoned dart. The poisoned dart hits the ogre.
The ogre is poisoned.
You hit the ogre.
The ogre is moderately wounded.
The ogre hits you with a +0 giant club!
You hit the ogre.
The ogre is moderately wounded.
The ogre hits you with a +0 giant club!
You closely miss the ogre.
The ogre is heavily wounded.
You puncture the ogre!
The ogre is severely wounded.
The ogre misses you.
You barely miss the ogre.
The ogre is severely wounded.
The ogre barely misses you.
You hit the ogre.
The ogre is almost dead.
The ogre hits you with a +0 giant club!!
* * * LOW HITPOINT WARNING * * *
You kill the ogre!
Your Fighting skill increases to level 4!
Your Armour skill increases to level 2!
You start resting.
An orc comes into view.
It is wielding a +0 club and carrying a wand of iceblast (8).
You start resting.
An orc is nearby!
The orc shouts!
The orc zaps a wand.
The mass of ice explodes!
The iceblast engulfs you!!
The orc zaps a wand.
The mass of ice explodes!
The iceblast engulfs you!
* * * LOW HITPOINT WARNING * * *
The orc closely misses you.
You hit the orc.
The orc is lightly wounded.
The orc zaps a wand.
The mass of ice explodes!
The iceblast engulfs you!
You die...

##.#....(......#
+
#....###)####..#
#
#....###.####..#
#
#..............#
#
#...####.#####.#
#
#...####.......#
#
#...##..........
#...##.#########.
#...o@.....# .#
#...##'###.# #
#####....#.#
#..).#.####.##
#....#.......#
#....#.#######
#....)........
##.##..#......
#.##.##.###...


You could see an orc.

Vanquished Creatures
  An ogre (D:5)
  A kobold brigand (D:4)
  A bullfrog skeleton (D:4)
  An iguana (D:4)
  An orc wizard (D:5)
  2 adders
  An adder skeleton (D:4)
  13 orcs
  2 endoplasms
  3 giant cockroaches
  8 goblins
  2 hobgoblins
  2 jackals (D:3)
  2 quokkas
  5 ball pythons
  4 frilled lizards
  2 kobolds
  4 rats
55 creatures vanquished.

Notes
Turn   | Place    | Note
-------+----------+-------------------------------------------
     0 | D:1      | fragbeetle the Merfolk Gladiator began the quest for the
                  | Orb.
     0 | D:1      | Reached XP level 1. HP: 16/16 MP: 1/1
   371 | D:1      | Reached XP level 2. HP: 19/23 MP: 2/2
   673 | D:1      | Found a faded altar of an unknown god.
   790 | D:2      | Noticed Sigmund
  1450 | D:3      | Reached XP level 3. HP: 28/28 MP: 3/3
  2039 | D:3      | Noticed an orc warrior
  2091 | D:3      | Reached skill level 5 in Polearms
  2277 | D:3      | Reached skill level 1 in Armour
  2470 | D:4      | Reached XP level 4. HP: 23/35 MP: 4/4
  2646 | D:4      | Noticed a kobold brigand
  2667 | D:4      | Killed a kobold brigand
  2668 | D:4      | Reached skill level 5 in Dodging
  2668 | D:4      | Reached XP level 5. HP: 33/41 MP: 5/5
  2976 | D:4      | Found a runed translucent door.
  2977 | D:4      | Noticed Crazy Yiuf
  3114 | D:4      | Found a shadowy altar of Dithmenos.
  3573 | D:5      | Entered Level 5 of the Dungeon
  3573 | D:5      | Noticed a black bear
  3573 | D:5      | Noticed an ogre
  3738 | D:5      | Reached skill level 6 in Polearms
  3738 | D:5      | Reached XP level 6. HP: 21/48 MP: 6/6
  4143 | D:5      | Killed from afar by an orc

Illustrated notes

Levels and vault maps discovered:
D:1:      matt_arrival_los_fun, layout_rooms, nicolae_ecumenical_lake_church,
          chequers_serial_rivers_small_b
D:2:      layout_rooms, uniq_sigmund
D:3:      layout_loops_corners, hangedman_abyss_or_decor_stabs,
          hangedman_decor_peaks_small, kennysheep_generic_room_9
D:4:      layout_loops_ring, amcnicky_altar_gilded, uniq_crazy_yiuf_cottage
D:5:      layout_basic

Skill      XL: |  1  2  3  4  5  6 |
---------------+-------------------+-----
Polearms       | 5 6 |  6.3
Armour         | 1 2 |  2.1
Fighting       | 3 4 |  4.0
Dodging        | 5 |  5.8
Throwing       | |  2.0

Action                   |  1- 3 |  4- 6 || total
-------------------------+-------+-------++-------
Melee: Trident           |   115 |    77 ||   192
Throw: Dart              |       |     6 ||     6
Evoke: Wand              |       |     3 ||     3
  Use: Scroll            |       |     1 ||     1
 Stab: Sleeping          |     1 |       ||     1
Armor: Leather armour    |    14 |       ||    14
       Ring mail         |     8 |    18 ||    26
Dodge: Dodged            |    81 |    42 ||   123

Table legend: (Time is in decaauts)
 A = Elapsed time spent in this place.
 B = Non-inter-level travel time spent in this place.
 C = Inter-level travel time spent in this place.
 D = Time resting spent in this place.
 E = Time spent auto-exploring this place.
 F = Levels seen in this place.
 G = Mean time per level.
                   A        B        C        D        E       F      G
               +--------+--------+--------+--------+--------+-----+--------+
         Total |   4133 |   4011 |    122 |    867 |   2115 |   5 |  826.6 |
       Dungeon |   4133 |   4011 |    122 |    867 |   2115 |   5 |  826.6 |
               +--------+--------+--------+--------+--------+-----+--------+

Top non-repeatable levels by time:
     D:3: 1293 daAuts
     D:4: 1252 daAuts
     D:1: 921 daAuts
     D:5: 537 daAuts
     D:2: 129 daAuts
